 Dungeon Crawl Stone Soup version 0.28.0 (webtiles) character file.

Game seed: 3665312311356343960

868 horus123 the Conjurer (level 7, 0/36 HPs)
             Began as a Deep Elf Conjurer on Feb 13, 2022.
             Slain by a scorpion zombie (3 damage)
             ... in an ossuary.
             The game lasted 00:08:08 (3848 turns).

horus123 the Conjurer (Deep Elf Conjurer)           Turns: 3848, Time: 00:08:09

Health: 0/36       AC:  2    Str:  4    XL:     7   Next: 73%
Magic:  3/19       EV: 12    Int: 25    God:
Gold:   155        SH:  0    Dex: 13    Spells: 10/20 levels left

rFire   + . .      SeeInvis .   f - +3 short sword (protect)
rCold   . . .      Faith    .   (no shield)
rNeg    . . .      Spirit   .   a - +0 robe
rPois   .          Reflect  .   (no helmet)
rElec   .          Harm     .   (no cloak)
rCorr   .          Rampage  .   (no gloves)
Will    .....                   (no boots)
Stlth   ++........              (no amulet)
HPRegen 0.12/turn               k - ring of protection from fire
MPRegen 0.16/turn               (no ring)

@: no status effects
A: no striking features
a: no special abilities


You were in an ossuary.
You visited 1 branch of the dungeon, and saw 4 of its levels.
You also visited: Ossuary.

You collected 155 gold pieces.

Inventory:

Hand Weapons
 f - a +3 short sword of protection (weapon)
Armour
 a - a +0 robe (worn)
Jewellery
 c - a ring of fire
 k - a ring of protection from fire (left hand)
Scrolls
 i - a scroll of noise
 j - a scroll of fear
Potions
 b - a potion of resistance
 d - a potion of curing
 h - 2 potions of attraction


   Skills:
 - Level 2.4 Dodging
 - Level 2.4 Stealth
 - Level 7.0 Spellcasting
 - Level 7.3 Conjurations
 + Level 6.3 Hexes


You had 10 spell levels left.
You knew the following spells:

 Your Spells              Type           Power      Damage    Failure   Level
a - Magic Dart            Conj           100%       1d8       1%          1
b - Searing Ray           Conj           90%        2d7       1%          2
c - Stone Arrow           Conj/Erth      54%        3d10      4%          3
d - Fulminant Prism       Conj/Hex       21%        3d13      4%          4

Your spell library contained the following spells:

 Spells                   Type           Power      Damage    Failure   Level
 Dazzling Flash           Conj/Hex       86%        N/A       1%          3
 Sandblast                Erth           16%        2d6       7%          1
 Passwall                 Tmut/Erth      6%         N/A       10%         2
 Iskenderun's Mystic Bla  Conj/Tloc      27%        2d7       14%         4


Dungeon Overview and Level Annotations

Branches:
Dungeon (4/15)            Ossuary (1/1)
 Temple: D:4-7

Altars:
Ashenzari


Message History

A scorpion zombie comes into view.
The scorpion closely misses you.
The magic dart hits the scorpion.
The scorpion is severely wounded.
The scorpion barely misses you.
The magic dart hits the scorpion.
The scorpion is almost dead.
The scorpion stings you!
You are poisoned.
The scorpion poisons you!
The magic dart hits the scorpion.
You kill the scorpion!
You feel very sick.
Your Hexes skill increases to level 6!
You are too injured to fight recklessly!
Unknown command.
Casting: Magic Dart (safe; 1% risk of failure)
Confirm with . or Enter, or press ? or * to list all spells.
You don't have enough magic to cast this spell.
Unknown command.
Unknown command.
You feel very sick.
You feel sick.
You feel sick.
You feel sick.
There is an open door here.
You feel sick.
You feel sick.
You feel sick.
There is an open door here.
You feel sick.
You are no longer poisoned.
You see here a scroll of identify.
The scorpion zombie hits you.
* * * LOW HITPOINT WARNING * * *
The scorpion zombie closely misses you.
You see here a potion of curing.
d - a potion of curing The scorpion zombie hits you.
You die...

########################
...#...#...#...#?.?#...#
.∩.#...8...'...#!..'...#
...#.......#...#@Z.#...#
#'###8...8###'#######'##
...#.......#...#...#...#
.∩.'...8...#...8...#...#
...#...#...#.......#...#
#############8...8##.†.#
...#...#...#.......#.†.#
...'...#...'...8...#...#
...#...#...#...#...#...#


You could see a scorpion zombie.

Vanquished Creatures
  A phantom (D:3)
  6 scorpions (Ossuary)
  2 centaur zombies (Ossuary)
  A jelly (D:4)
  2 human zombies (Ossuary)
  7 scorpion zombies (Ossuary)
  3 mummies (Ossuary)
  An adder (D:2)
  5 worms
  2 bats (D:1)
  4 endoplasms
  4 giant cockroaches
  2 gnoll zombies (Ossuary)
  3 goblins
  5 hobgoblins
  6 jackals
  5 quokkas
  3 ball pythons
  5 frilled lizards
  2 goblin zombies (Ossuary)
  3 hobgoblin zombies (Ossuary)
  7 kobolds
  4 rats
83 creatures vanquished.

Notes
Turn   | Place    | Note
-------+----------+-------------------------------------------
     0 | D:1      | horus123 the Deep Elf Conjurer began the quest for the Orb.
     0 | D:1      | Reached XP level 1. HP: 10/10 MP: 6/6
   300 | D:1      | Reached XP level 2. HP: 15/15 MP: 6/9
   303 | D:1      | Learned a level 2 spell: Searing Ray
   989 | D:2      | Found a broken altar of Ashenzari.
  1074 | D:2      | Reached XP level 3. HP: 19/19 MP: 9/11
  1094 | D:2      | Reached skill level 5 in Spellcasting
  1825 | D:3      | Reached skill level 5 in Conjurations
  1825 | D:3      | Reached XP level 4. HP: 24/24 MP: 3/13
  2237 | D:4      | Noticed a phantom
  2248 | D:3      | Killed a phantom
  2249 | D:3      | Reached XP level 5. HP: 15/28 MP: 2/14
  2393 | D:3      | Learned a level 3 spell: Stone Arrow
  2489 | D:4      | Found a sand-covered staircase.
  2545 | Ossuary  | Entered an ossuary
  2699 | Ossuary  | Reached XP level 6. HP: 31/32 MP: 8/15
  3214 | Ossuary  | Learned a level 4 spell: Fulminant Prism
  3259 | Ossuary  | Reached skill level 1 in Hexes
  3311 | Ossuary  | Reached XP level 7. HP: 33/36 MP: 10/19
  3702 | Ossuary  | Reached skill level 5 in Hexes
  3848 | Ossuary  | Slain by a scorpion zombie

Illustrated notes

Levels and vault maps discovered:
D:1:      minmay_arrival_stair_chambers, layout_loops_ring
D:2:      layout_rooms, basic_altar
D:3:      layout_rooms
D:4:      layout_cave_pools, serial_column_ruins, column_ruins_hut,
          column_ruins_square_small, column_ruins_grid_3,
          column_ruins_open_small, column_ruins_corridor_corner,
          column_ruins_open_small, nicolae_ossuary_entry_monument,
          chequers_serial_rivers_micro_e, eino_small_chamber_without_monster
Ossuary:  ossuary_minmay_scorpions

Skill      XL: |  1  2  3  4  5  6  7 |
---------------+----------------------+-----
Spellcasting   | 4 5 7 |  7.0
Conjurations   | 5 6 7 |  7.3
Hexes          | 2 6 |  6.3
Dodging        | |  2.4
Stealth        | |  2.4

Action                   |  1- 3 |  4- 6 |  7- 9 || total
-------------------------+-------+-------+-------++-------
 Cast: Magic Dart        |    85 |    54 |    25 ||   164
       Searing Ray       |     2 |    16 |    10 ||    28
  Use: Scroll            |     4 |     4 |       ||     8
       Potion            |       |       |     2 ||     2
Armor: Robe              |     2 |     3 |       ||     5
Dodge: Dodged            |     3 |    23 |    13 ||    39
